Map: 카이로스 정션 - 래더

Players

Dear - Winner!

  • Race: Protoss Protoss
  • Spawn Location: 5:00

TYTY (TY)

  • Race: Terran Terran
  • Spawn Location: 11:00

Event: IEM Season 13: Katowice (2019)

VOD

Have the link to the VOD?

Description

Time

  • Played on: March 1, 2019, 2:13 p.m.
  • Length: 7:40

All games in this series

Show
View Real Time Build Order
Export as new Build Order

Dear Protoss - Winner!

Build Orders: 1 Gate Expand 

Get SALT Encoding   

  12  0:00  Probe  
  13  0:12  Probe  
  14  0:18  Pylon  
  14  0:24  Probe  
  15  0:32  Probe  
  15  0:37  Gateway  
  15  0:40  Probe  
  16  0:46  Assimilator  
  17  0:51  Probe  
  18  1:03  Probe  
  19  1:15  Probe  
  20  1:22  Nexus  
  20  1:31  Cybernetics Core  
  20  1:34  Probe  
  20  1:39  Assimilator  
  21  1:47  Probe  
  22  1:49  Pylon  
  22  1:58  Adept  
  22  1:59  Probe  
  25  2:08  Warp Gate  
  25  2:11  Probe  
  26  2:18  Stalker  
  26  2:22  Robotics Facility  
  26  2:23  Probe  
  29  2:30  Probe  
  29  2:35  Probe  
  31  2:38  Probe  
  32  2:47  Probe  
  32  2:48  Probe, Stalker  
  36  2:59  Probe  
  36  3:00  Probe  
  38  3:10  Observer  
  38  3:11  Gateway x2, Probe  
  40  3:13  Probe  
  40  3:18  Stalker  
  43  3:24  Pylon  
  43  3:26  Probe x2  
  45  3:31  Observer  
  45  3:33  Assimilator  
  46  3:35  Assimilator  
  46  3:38  Probe x2  
  46  3:41  Pylon  
  46  3:46  Probe x2  
  50  3:56  Probe x2  
  52  4:05  Twilight Council  
  52  4:06  Forge  
  52  4:08  Probe x2  
  54  4:12  Warp Prism  
  55  4:20  Pylon  
  55  4:23  Probe  
  56  4:28  Protoss Ground Armor Level 1  
  56  4:32  Charge  
  56  4:46  Templar Archives  
  56  4:48  Gateway x2  
  56  4:50  Nexus  
  56  4:58  Gateway  
  56  5:01  Psionic Storm, Sentry  
  58  5:09  Gateway  
  58  5:12  Gateway, Probe  
  58  5:13  Probe  
  60  5:24  Probe  
  60  5:27  High Templar x2  
  65  5:29  Zealot  
  65  5:32  Pylon  
  65  5:34  Pylon  
  67  5:39  Immortal  
  70  5:46  Shield Battery  
  70  5:50  Pylon  
  70  5:52  High Templar  
  72  5:58  Zealot x2  
  72  5:59  High Templar  
  78  6:04  Zealot x2, Pylon  
  78  6:09  Immortal  
  82  6:12  Zealot x2  
  90  6:31  Zealot  
  90  6:32  Zealot x3  
  98  6:34  Zealot  
  100  6:45  Zealot  
  100  6:46  Zealot x2  
  92  6:53  Zealot  
  92  6:58  Stalker  
  92  6:59  Stalker x3  
  94  7:03  Zealot  
  96  7:10  High Templar  
  96  7:11  Zealot, High Templar  
  77  7:30  Zealot x5  
Show
View Real Time Build Order
Export as new Build Order

TYTY Terran 

Build Orders: Gas First Reaper Expand 

Get SALT Encoding   

  12  0:00  SCV  
  13  0:12  SCV  
  14  0:18  Supply Depot  
  14  0:25  SCV  
  15  0:29  Refinery  
  15  0:40  SCV  
  16  0:44  Barracks  
  16  0:52  SCV  
  17  1:04  SCV  
  18  1:16  SCV  
  19  1:32  Reaper, Orbital Command  
  20  1:44  Command Center  
  20  1:55  Factory  
  20  1:59  SCV  
  21  2:07  Supply Depot  
  21  2:09  Barracks Tech Lab  
  21  2:13  SCV  
  22  2:25  SCV  
  22  2:29  Marauder  
  25  2:37  SCV  
  25  2:39  Hellion  
  25  2:44  Refinery  
  28  2:47  Starport  
  28  2:49  SCV  
  29  3:01  SCV  
  29  3:03  Orbital Command  
  30  3:10  Barracks Reactor  
  30  3:13  Widow Mine, SCV  
  33  3:25  Refinery, SCV  
  36  3:29  SCV  
  35  3:34  Siege Tank  
  35  3:37  SCV, Supply Depot  
  39  3:41  Starport Tech Lab, SCV  
  39  3:46  Marine x2  
  42  3:50  SCV  
  42  3:53  SCV  
  44  4:02  SCV  
  45  4:03  Marine  
  45  4:04  Barracks  
  45  4:05  SCV  
  45  4:06  Siege Tank  
  54  4:18  Supply Depot  
  54  4:22  Raven  
  51  4:25  Supply Depot  
  51  4:27  Barracks, Marine x2  
  51  4:28  Supply Depot  
  53  4:40  Siege Tank  
  53  4:41  SCV x2  
  53  4:45  Marine  
  59  4:51  Supply Depot  
  59  4:52  Marine  
  61  4:53  SCV  
  61  4:55  Liberator, SCV  
  62  5:03  Marine  
  64  5:08  Marine  
  64  5:10  Marine  
  64  5:12  Siege Tank  
  73  5:15  Marine  
  73  5:17  SCV  
  74  5:22  Marine  
  74  5:23  Supply Depot  
  74  5:24  Combat Shield  
  74  5:26  Marine  
  76  5:29  SCV  
  76  5:31  Marine  
  76  5:33  Engineering Bay  
  76  5:34  SCV  
  78  5:41  Marine x2  
  81  5:43  Marine  
  81  5:46  Siege Tank  
  84  5:51  Liberator  
  84  5:53  Marine  
  87  5:59  Marine  
  87  6:02  Marine x2  
  90  6:05  SCV x2  
  91  6:15  Marine  
  91  6:16  Marine  
  93  6:24  Marine  
  94  6:25  Bunker  
  94  6:26  Marine  
  94  6:27  Bunker  
  94  6:28  Bunker  
  93  6:35  Cyclone  
  89  6:45  Marine x2  
  74  6:47  SCV  
  74  6:48  SCV  
  74  6:53  Marine  
  73  6:59  SCV  
  65  7:06  Medivac  
  65  7:07  Marine  
  63  7:16  Marine  

Tags
 
Add a new tag
Caveats
  • Supply blocks, unpowered buildings, or Contaminate may cause inaccurate times.
  • Supply counts are checked every 10 seconds.